 Dungeon Crawl Stone Soup version 0.21-a0-243-g597973d (webtiles) character file.

58 pokedragonboy the Firebug (level 3, -9/19 HPs)
             Began as a Deep Elf Fire Elementalist on Sept 4, 2017.
             Killed by divine providence
             ... invoked by an orc priest
              (13 damage)
             ... on level 3 of the Dungeon.
             The game lasted 00:05:25 (1590 turns).

pokedragonboy the Firebug (DEFE)                    Turns: 1590, Time: 00:05:26

Health: -9/19      AC:  2    Str:  5    XL:     3   Next: 76%
Magic:  3/10       EV: 13    Int: 20    God:
Gold:   158        SH:  0    Dex: 15    Spells: 2/9 levels left

rFire    . . .     SeeInvis .   g - +0 dagger
rCold    . . .     Gourm    .   (no shield)
rNeg     . . .     Faith    .   a - +0 robe
rPois    .         Spirit   .   (no helmet)
rElec    .         Reflect  .   (no cloak)
rCorr    .         Harm     .   (no gloves)
MR       .....                  (no boots)
Stlth    ++........             (no amulet)
HPRegen  0.06/turn              (no ring)
MPRegen  0.12/turn              (no ring)

@: very slightly contaminated
A: no striking features
a: no special abilities


You were on level 3 of the Dungeon.
You were not hungry.

You visited 1 branch of the dungeon, and saw 3 of its levels.

You collected 158 gold pieces.

Inventory:

Hand Weapons
 g - a +0 dagger (weapon)
Missiles
 p - 3 tomahawks (quivered)
Armour
 a - a +0 robe (worn)
 o - a +0 robe
Jewellery
 k - an uncursed amulet of guardian spirit
Scrolls
 d - a scroll of identify {unknown}
 h - a scroll of remove curse
 i - a scroll of magic mapping
 j - a scroll of fog {unknown}
 l - a scroll of enchant armour {unknown}
 n - a scroll of teleportation {unknown}
Potions
 e - a potion of mutation {unknown}
 f - a potion of heal wounds {unknown}
Books
 b - a book of Flames

   Spells                             Type                      Level
   a - Flame Tongue                   Conjuration/Fire             1
   b - Throw Flame                    Conjuration/Fire             2
   c - Conjure Flame                  Conjuration/Fire             3
   d - Inner Flame                    Hexes/Fire                   3
   e - Sticky Flame                   Conjuration/Fire             4
   f - Fireball                       Conjuration/Fire             5
Comestibles
 c - 3 bread rations
 m - a meat ration
 q - 3 chunks of flesh


   Skills:
 - Level 2.4 Dodging
 - Level 2.4 Stealth
 + Level 3.5 Spellcasting
 * Level 2.6 Conjurations
 * Level 1.1 Hexes
 - Level 4.0 Fire Magic


You had 2 spell levels left.
You knew the following spells:

 Your Spells              Type           Power        Failure   Level  Hunger
a - Flame Tongue          Conj/Fire      ###..        3%          1    None
c - Conjure Flame         Conj/Fire      ###.....     11%         3    ###....
d - Inner Flame           Hex/Fire       ##......     14%         3    ###....


Dungeon Overview and Level Annotations

Branches:
Dungeon (3/15)

Altars:


Message History

* * * LOW HITPOINT WARNING * * *
Casting: Flame Tongue
Confirm with . or Enter, or press ? or * to list all spells.
Aiming: Flame Tongue
Press: ? - help, Shift-Dir - straight line, f/p - orc priest
Aim: an orc priest, wielding a dagger and wearing a leather armour (heavily wounded)
You miscast Flame Tongue.
You are very lightly contaminated with residual magic.
You are momentarily dazzled by a flash of light!
Casting: Flame Tongue
Confirm with . or Enter, or press ? or * to list all spells.
Aiming: Flame Tongue
Press: ? - help, Shift-Dir - straight line, f/p - orc priest
Aim: an orc priest, wielding a dagger and wearing a leather armour (heavily wounded)
The flame tongue hits the orc priest.
The orc priest is almost dead.
The orc priest calls down the wrath of Beogh upon you.
Beogh smites you!
Ouch! That really hurt!
You die...

##### #...# #...#
#...# ##.รท.#
##....# # #
##.....#
#...#.####.<....#
#....)o@........#
#.#.#...........#
#.l...........#
#...#...$.......#
..#......#.....##
. ..####........#
.## #$.......#
.........#


You could see an orc priest and a frilled lizard.

Vanquished Creatures
  An adder (D:2)
  2 dart slugs
  2 leopard geckos
  3 orcs (D:3)
  6 bats
  3 giant cockroaches
  4 hobgoblins
  3 kobolds (D:2)
  4 frilled lizards
  6 goblins
  3 rats
37 creatures vanquished.

Notes
Turn   | Place    | Note
-------+----------+-------------------------------------------
     0 | D:1      | pokedragonboy the Deep Elf Fire Elementalist began the quest for the Orb.
     0 | D:1      | Reached XP level 1. HP: 10/10 MP: 6/6
   270 | D:1      | Reached XP level 2. HP: 15/15 MP: 5/8
   962 | D:2      | Reached XP level 3. HP: 14/19 MP: 3/10
  1190 | D:2      | Learned a level 3 spell: Conjure Flame
  1303 | D:2      | Reached skill level 4 in Fire Magic
  1444 | D:2      | Learned a level 3 spell: Inner Flame
  1584 | D:3      | Reached skill level 1 in Hexes
  1590 | D:3      | Killed from afar by an orc priest

Vault maps used:
D:1:      giann_bridges, minivault_24
D:2:      minmay_tromino_v4_b
D:3:      lemuel_crystal_altar, st_stairs_8, nemelex_diamond_rough_becter

Skill      XL: |  1  2  3 |
---------------+----------+-----
Conjurations   | 2 |  2.6
Fire Magic     | 4 |  4.0
Hexes          | 1 |  1.1
Dodging        | |  2.4
Stealth        | |  2.4
Spellcasting   | |  3.5

Action                   || total
-------------------------++-------
Melee: Dagger            ||     1
 Cast: Flame Tongue      ||    57
  Use: Scroll            ||     2
  Eat: Chunk             ||     2
Armor: Robe              ||     2
Dodge: Dodged            ||     8

Table legend:
 A = Spawn XP
 B = Non-spawn XP
 C = Spawn XP percentage of total XP
 D = Spawn monster count
 E = Non-spawn monster count
 F = Spawn count percentage of total count
 G = Total turns spent on level
                    A         B        C        D         E        F      G
               +---------+---------+-------+---------+---------+-------+---------
         Total |      12 |      72 |  14.3 |       7 |      30 |  18.9 |  1590
               +---------+---------+-------+---------+---------+-------+---------
           D:1 |       6 |      25 |  19.4 |       3 |      14 |  17.6 |   900
           D:2 |       6 |      35 |  14.6 |       4 |      12 |  25.0 |   668
           D:3 |       0 |      12 |   0.0 |       0 |       4 |   0.0 |    22
               +---------+---------+-------+---------+---------+-------+---------
